 Dungeon Crawl Stone Soup version 0.30.1-10-g1249ef9ec4 (webtiles) character file.

Game seed: 15560646255931056939

12 monsoonserge the Grasshopper (level 2, -1/23 HPs)
             Began as a Demonspawn Warper on Oct 26, 2023.
             Succumbed to an adder's poison
             ... on level 2 of the Dungeon.
             The game lasted 00:01:19 (257 turns).

monsoonserge the Grasshopper (Demonspawn Warper)     Turns: 257, Time: 00:01:20

Health: -1/23      AC:  3    Str: 11    XL:     2   Next: 20%
Magic:  5/5        EV: 11    Int: 14    God:
Gold:   11         SH:  0    Dex: 12    Spells: 5/5 levels left

rFire   . . .        a - +0 falchion
rCold   . . .        (no shield)
rNeg    . . .        b - +0 leather armour
rPois   .            (no helmet)
rElec   .            (no cloak)
rCorr   .            (no gloves)
SInv    .            (no boots)
Will    .....        (no amulet)
Stlth   +            (no ring)
HPRegen 0.23/turn    (no ring)
MPRegen 0.09/turn

%: no passive effects
@: lethally poisoned (-1 -> -7)
A: demonic guardian 1
a: no special abilities


You were on level 2 of the Dungeon.
You visited 1 branch of the dungeon, and saw 2 of its levels.

You collected 11 gold pieces.

Inventory:

Hand Weapons
 a - a +0 falchion (weapon)
 e - a +0 short sword
Missiles
 d - 6 boomerangs of dispersal (quivered)
Armour
 b - a +0 leather armour (worn)
Jewellery
 f - a ring of positive energy
Scrolls
 c - a scroll of blinking


   Skills:
 + Level 2.4 Fighting
 + Level 1.9 Long Blades
 + Level 1.1 Throwing
 + Level 0.8 Armour
 + Level 1.8 Dodging
 + Level 2.0 Spellcasting
 + Level 2.8 Translocations


You had 5 spell levels left.
You didn't know any spells.
Your spell library contained the following spells:

 Spells                   Type           Power      Damage    Failure   Level
 Blink                    Tloc           18%        N/A       16%         2
 Lesser Beckoning         Tloc           18%        N/A       16%         2
 Beastly Appendage        Tmut           2%         N/A       30%         1
 Teleport Other           Tloc           9%         N/A       30%         3
 Wereblood                Tmut           1%         N/A       43%         2
 Vhi's Electric Charge    Tloc/Air       10%        N/A       47%         3
 Spider Form              Tmut/Pois      1%         N/A       67%         3
 Manifold Assault         Tloc           9%         N/A       69%         4
 Animate Dead             Necr           1%         N/A       97%         4
 Haunt                    Necr/Summ      0%         N/A       100%        7
 Infestation              Necr           0%         N/A       100%        8


Dungeon Overview and Level Annotations

Branches:
Dungeon (1/15)

Altars:


Innate Abilities, Weirdness & Mutations

A weak demonic guardian rushes to your aid.


Message History

The adder is moderately wounded.
You feel sick.
You are no longer poisoned.
The adder bites you but does no damage. The adder barely misses you.
You hit the adder.
The adder is heavily wounded.
The adder bites you.
You are poisoned.
The adder poisons you! The adder bites you.
You closely miss the adder.
The adder is heavily wounded.
* * * LOW HITPOINT WARNING * * *
You feel sick. The adder bites you but does no damage.
Unknown command.
You are seriously poisoned (5 -> 1).
Your movement speed is average.
Your attack delay is about 1.2.
Your damage rating with your +0 falchion is about 9 (Base 8 x 105% (Dex) x 107% (Skill)).
Throw: 7 boomerangs (disperse)
Press: ? - help, Q - select action Shift-Dir - straight line, f - adder
Aim: an adder (heavily wounded, 38% to hit)
You throw a boomerang of dispersal.
The boomerang of dispersal barely misses the adder.
You feel sick. The adder closely misses you. The adder bites you.
* * * LOW HITPOINT WARNING * * *
A demonic guardian appears!
You are more poisoned.
The adder poisons you!
You are lethally poisoned (4 -> -6).
Your movement speed is average.
Your attack delay is about 1.2.
Your damage rating with your +0 falchion is about 9 (Base 8 x 105% (Dex) x 107% (Skill)).
You hit the adder.
The adder is heavily wounded.
* * * LOW HITPOINT WARNING * * *
You feel very sick. The adder barely misses you.
Your iron imp barely misses the adder.
The adder closely misses you.
Unknown command.
You closely miss the adder.
The adder is heavily wounded.
You die...

### ### .# ##.##
##.## ..#### #...#
#...#
#...#.###...###.S5#
#.#...##..#..#.@#..#
#.....#.###.#.###S#
####.#....# #...#
... #........##
##.## ... #.#......#
#.# .....
........########
.... ##.............
...# #...........[.
#.............


You could see an adder (ally target) and a friendly iron imp (summoned).

Vanquished Creatures
  A ball python (D:1)
  A giant cockroach (D:1)
  A goblin (D:1)
  A hobgoblin (D:1)
  A kobold (D:1)
  2 quokkas (D:1)
  2 frilled lizards
  2 rats (D:1)
11 creatures vanquished.

Notes
Turn   | Place    | Note
-------+----------+-------------------------------------------
     0 | D:1      | monsoonserge the Demonspawn Warper began the quest for the
                  | Orb.
     0 | D:1      | Reached XP level 1. HP: 16/16 MP: 3/3
   128 | D:1      | Reached skill level 1 in Throwing
   186 | D:1      | Gained mutation: A weak demonic guardian rushes to your
                  | aid. [demonic ancestry]
   186 | D:1      | Reached XP level 2. HP: 23/23 MP: 5/5
   217 | D:1      | You fall into a shaft and drop 1 floor!
   256 | D:2      | HP: 1/23 [poisoned by an adder]
   257 | D:2      | Succumbed to an adder's poison

Illustrated notes

Levels and vault maps discovered:
D:1:      erik_arrival_triangle_small, layout_rooms
D:2:      kennysheep_big_flooded_room, layout_rooms, serial_shops, shop,
          serial_curves, eino_curves_03, eino_curves_04, eino_curves_03,
          eino_curves_03, nicolae_figureground_sparkle, uniq_sigmund,
          uniq_natasha

Skill      XL: |  1 |
---------------+----+-----
Throwing       | 1 |  1.1
Fighting       | |  2.4
Long Blades    | |  1.9
Armour         | |  0.8
Dodging        | |  1.8
Spellcasting   | |  2.0
Translocations | |  2.8

Action                     || total
---------------------------++-------
  Melee: Falchion          ||    49
  Throw: Boomerang         ||     1
 Armour: Leather armour    ||    12
  Dodge: Dodged            ||    32
